NWL (28 & UNDER)
SAN DIEGO SMASHERS @ RED DEER WRANGLERS
09/05/2030
 
TOP OF THE 1ST
San Diego Smashers batting - Pitching for Red Deer Wranglers : RHP Dusty Smith
Pitching: RHP Dusty Smith
Batting: RHB Manny Torrez 0-0: Called Strike
0-1: Called Strike
0-2: DOUBLE (Line Drive, 9D)
Batting: RHB Gerald Davis 0-0: Ball
1-0: Called Strike
1-1: Ball
2-1: Ball
Wild Pitch!
Manny Torrez to third
3-1: Base on Balls
Batting: LHB Richard Brooks 0-0: Ball
1-0: Called Strike
1-1: Called Strike
1-2: Fly out, F8 (Flyball, 8RD)
Runner from 3rd tags up, SCORES, no throw
Batting: LHB Steven Smith 0-0: Ball
1-0: Ball
2-0: Foul Ball, location: 2F
2-1: Ball
3-1: Called Strike
3-2: Ground out 5-3 (Groundball, 5)
Gerald Davis to second
Batting: LHB Jon Rogers 0-0: Ball
1-0: Ball
2-0: Called Strike
2-1: SINGLE (Groundball, 4MD)
Gerald Davis to third
Runner from 3rd tries for Home, SAFE, no throw
Batting: RHB Ray Rogers 0-0: Ball
1-0: Called Strike
1-1: Ball
2-1: Ball
3-1: Base on Balls
Jon Rogers to second
Batting: RHB Gonzalo García 0-0: Ball
1-0: Ball
2-0: Ball
3-0: Base on Balls
Jon Rogers to third
Ray Rogers to second
Batting: LHB Ryan Rheaume 0-0: Ball
1-0: Ball
2-0: Foul Ball, location: 2F
2-1: Foul Ball, location: 2F
2-2: Strikes out looking
Top of the 1st over - 2 runs, 2 hits, 0 errors, 3 left on base; San Diego 2 - Red Deer 0
BOTTOM OF THE 1ST
Red Deer Wranglers batting - Pitching for San Diego Smashers : LHP Brock Saunders
Pitching: LHP Brock Saunders
Batting: RHB Art Cameron 0-0: Ball
1-0: Foul Ball, location: 2F
1-1: Ball
2-1: Swinging Strike
2-2: Foul Ball, location: 2F
2-2: Ball
3-2: Fly out, F8 (Flyball, 8RD)
Batting: LHB Francisco Blanco 0-0: Called Strike
0-1: SINGLE (Groundball, 4MD)
Batting: RHB Pedro Cabrera 0-0: Called Strike
0-1: SINGLE (Groundball, 6M) (infield hit)
Francisco Blanco to second
Batting: RHB Ben Fisher 0-0: Ball
1-0: Ball
Francisco Blanco steals 3rd base
Pedro Cabrera to second
2-0: Ball
3-0: Called Strike
3-1: Called Strike
3-2: Foul Ball, location: 2F
3-2: Base on Balls
Batting: LHB José Domínguez 0-0: DOUBLE (Line Drive, 7LS)
Francisco Blanco scores
Pedro Cabrera scores
Ben Fisher to third
Batting: RHB Rijk de Rade 0-0: Foul Ball, location: 2F
0-1: Foul Ball, location: 2F
0-2: Ball
1-2: Ball
2-2: Ground out 4-3 (Groundball, 4S)
Ben Fisher scores
José Domínguez to third
Batting: LHB Rubén Salazar 0-0: Ball
1-0: Foul Ball, location: 2F
1-1: Ball
Wild Pitch!
José Domínguez scores
2-1: Swinging Strike
2-2: Foul Ball, location: 2F
2-2: Foul Ball, location: 2F
2-2: Strikes out swinging
Bottom of the 1st over - 4 runs, 3 hits, 0 errors, 0 left on base; San Diego 2 - Red Deer 4
TOP OF THE 2ND
San Diego Smashers batting - Pitching for Red Deer Wranglers : RHP Dusty Smith
Batting: LHB Nick Hill 0-0: Swinging Strike
0-1: Ball
1-1: Ball
2-1: Called Strike
2-2: Ball
3-2: Strikes out swinging
Batting: RHB Manny Torrez 0-0: Ball
1-0: Ball
2-0: Called Strike
2-1: Ball
3-1: Foul Ball, location: 2F
3-2: Foul Ball, location: 2F
3-2: SINGLE (Line Drive, 56)
Batting: RHB Gerald Davis 0-0: Ball
1-0: Foul Ball, location: 2F
1-1: Ball
2-1: Foul Ball, location: 2F
2-2: SINGLE (Groundball, 6M) (infield hit)
Manny Torrez to second
Batting: LHB Richard Brooks 0-0: Foul Ball, location: 2F
0-1: Ball
1-1: Ball
2-1: SINGLE (Line Drive, 9S)
Manny Torrez to third
Gerald Davis to second
Runner from 3rd tries for Home, SAFE, throw made home
Batting: LHB Steven Smith 0-0: Swinging Strike
0-1: Called Strike
0-2: Ball
1-2: Strikes out swinging
Batting: LHB Jon Rogers 0-0: Foul Ball, location: 2F
0-1: Ball
1-1: Foul Ball, location: 2F
1-2: Fly out, F7 (Flyball, 7S)
Top of the 2nd over - 1 run, 3 hits, 0 errors, 2 left on base; San Diego 3 - Red Deer 4
BOTTOM OF THE 2ND
Red Deer Wranglers batting - Pitching for San Diego Smashers : LHP Brock Saunders
Batting: RHB Allen Brown 0-0: DOUBLE (Line Drive, 78XD)
Batting: RHB Valentín Reyes 0-0: Called Strike
0-1: Ball
1-1: Ball
2-1: Ground out 5-3 (Groundball, 56)
Batting: RHB Art Cameron 0-0: Ball
1-0: Swinging Strike
1-1: Ball
2-1: Swinging Strike
2-2: Ball
3-2: Strikes out looking
Batting: LHB Francisco Blanco 0-0: SINGLE (Line Drive, 7LS)
Allen Brown to third
Runner from 3rd tries for Home, throw and OUT!
Bottom of the 2nd over - 0 runs, 2 hits, 0 errors, 1 left on base; San Diego 3 - Red Deer 4
TOP OF THE 3RD
San Diego Smashers batting - Pitching for Red Deer Wranglers : RHP Dusty Smith
Batting: RHB Ray Rogers 0-0: Ball
1-0: Ground out 4-3 (Groundball, 4)
Batting: RHB Gonzalo García 0-0: Ball
1-0: Ball
2-0: Ball
3-0: Called Strike
3-1: Ground out 4-3 (Groundball, 34)
Batting: LHB Ryan Rheaume 0-0: Foul Ball, location: 2F
0-1: Called Strike
0-2: SINGLE (Groundball, 34D)
Batting: LHB Nick Hill 0-0: Ball
1-0: Fielders Choice at 2nd, 5-4 (Groundball, 5)
Top of the 3rd over - 0 runs, 1 hit, 0 errors, 1 left on base; San Diego 3 - Red Deer 4
BOTTOM OF THE 3RD
Red Deer Wranglers batting - Pitching for San Diego Smashers : LHP Brock Saunders
Batting: RHB Pedro Cabrera 0-0: Ball
1-0: Fly out, F9 (Flyball, 9LMF)
Batting: RHB Ben Fisher 0-0: Foul Ball, location: 2F
0-1: Swinging Strike
0-2: DOUBLE (Line Drive, 7D)
Batting: LHB José Domínguez 0-0: Ball
1-0: Ball
2-0: Called Strike
2-1: Foul Ball, location: 2F
2-2: Foul Ball, location: 2F
2-2: Foul Ball, location: 2F
2-2: SINGLE (Line Drive, 6MD)
Ben Fisher to third
Batting: RHB Rijk de Rade 0-0: Swinging Strike
0-1: Swinging Strike
0-2: Strikes out looking
Batting: LHB Rubén Salazar 0-0: Swinging Strike
0-1: Ball
1-1: Fly out, F8 (Flyball, 8LD)
Bottom of the 3rd over - 0 runs, 2 hits, 0 errors, 2 left on base; San Diego 3 - Red Deer 4
TOP OF THE 4TH
San Diego Smashers batting - Pitching for Red Deer Wranglers : RHP Dusty Smith
Batting: RHB Manny Torrez 0-0: Foul Ball, location: 2F
0-1: Called Strike
0-2: Ball
1-2: Ball
2-2: Ball
3-2: Base on Balls
Pitching: RHP John Gill
Batting: RHB Gerald Davis 0-0: Called Strike
0-1: Ball
1-1: Swinging Strike
1-2: Ball
2-2: Ball
3-2: Ground out 4-3 (Groundball, 4)
Manny Torrez to second
Batting: LHB Richard Brooks 0-0: SINGLE (Flyball, 9LM)
Manny Torrez to third
Runner from 3rd tries for Home, SAFE, no throw
Batting: LHB Steven Smith 0-0: Grounds into double play, 4-6-3 (Groundball, 4)
Top of the 4th over - 1 run, 1 hit, 0 errors, 0 left on base; San Diego 4 - Red Deer 4
BOTTOM OF THE 4TH
Red Deer Wranglers batting - Pitching for San Diego Smashers : LHP Brock Saunders
Batting: RHB Allen Brown 0-0: Ball
1-0: Called Strike
1-1: Ball
2-1: Fly out, F9 (Flyball, 9)
Batting: RHB Valentín Reyes 0-0: Foul Ball, location: 2F
0-1: Ball
1-1: Fly out, F8 (Flyball, 8RXD)
Batting: RHB Art Cameron 0-0: Ball
1-0: Single, Error in OF, E7, batter to second base
Batting: LHB Francisco Blanco 0-0: Called Strike
0-1: 2-RUN HOME RUN (Flyball, 89XD), Distance : 378 ft
Batting: RHB Pedro Cabrera 0-0: Ball
1-0: Called Strike
1-1: Ball
2-1: Ground out 6-3 (Groundball, 56D)
Bottom of the 4th over - 2 runs, 2 hits, 1 error, 0 left on base; San Diego 4 - Red Deer 6
TOP OF THE 5TH
San Diego Smashers batting - Pitching for Red Deer Wranglers : RHP John Gill
Batting: LHB Jon Rogers 0-0: Swinging Strike
0-1: Foul Ball, location: 2F
0-2: Strikes out looking
Batting: RHB Ray Rogers 0-0: Ball
1-0: Swinging Strike
1-1: Ball
2-1: Swinging Strike
2-2: SINGLE (Groundball, 6MD)
Batting: RHB Gonzalo García 0-0: Called Strike
0-1: Ball
1-1: Foul Ball, location: 2F
1-2: Foul Ball, location: 2F
1-2: Ball
2-2: Strikes out looking
Batting: LHB Ryan Rheaume 0-0: Ball
1-0: Foul Ball, location: 2F
1-1: Ground out 1-3 (Groundball, 13S)
Top of the 5th over - 0 runs, 1 hit, 0 errors, 1 left on base; San Diego 4 - Red Deer 6
BOTTOM OF THE 5TH
Red Deer Wranglers batting - Pitching for San Diego Smashers : LHP Brock Saunders
Batting: RHB Ben Fisher 0-0: Ball
1-0: Ground out 6-3 (Groundball, 6)
Batting: LHB José Domínguez 0-0: Called Strike
0-1: Ball
1-1: Foul Ball, location: 2F
1-2: Ball
2-2: Foul Ball, location: 2F
2-2: Foul Ball, location: 2F
2-2: Strikes out swinging
Batting: RHB Rijk de Rade 0-0: Foul Ball, location: 2F
0-1: Ball
1-1: Ball
2-1: SINGLE (Flyball, 78S)
Pitching: LHP Matt Hull
Batting: LHB Rubén Salazar 0-0: Ball
1-0: Foul Ball, location: 2F
1-1: Foul Ball, location: 2F
1-2: Ball
Rijk de Rade steals 2nd base
2-2: Foul Ball, location: 2F
2-2: Foul Ball, location: 2F
2-2: Foul Ball, location: 2F
2-2: Strikes out swinging
Bottom of the 5th over - 0 runs, 1 hit, 0 errors, 1 left on base; San Diego 4 - Red Deer 6
TOP OF THE 6TH
San Diego Smashers batting - Pitching for Red Deer Wranglers : RHP John Gill
Batting: LHB Nick Hill 0-0: Called Strike
0-1: SINGLE (Line Drive, 56D)
Batting: RHB Manny Torrez 0-0: Swinging Strike
0-1: Called Strike
0-2: Strikes out swinging
Batting: RHB Gerald Davis 0-0: Called Strike
0-1: Grounds into double play, 4-6-3 (Groundball, 4)
Top of the 6th over - 0 runs, 1 hit, 0 errors, 0 left on base; San Diego 4 - Red Deer 6
BOTTOM OF THE 6TH
Red Deer Wranglers batting - Pitching for San Diego Smashers : LHP Matt Hull
Batting: RHB Allen Brown 0-0: Foul Ball, location: 2F
0-1: Ball
1-1: Ball
2-1: Ball
3-1: Base on Balls
Batting: RHB Valentín Reyes 0-0: Ground out 3-1 (Groundball, 34)
Allen Brown to second
Batting: RHB Art Cameron 0-0: Foul Ball, location: 2F
0-1: Ball
1-1: Called Strike
1-2: Strikes out swinging
Batting: LHB Francisco Blanco 0-0: Called Strike
0-1: Ball
1-1: Called Strike
1-2: Ground out 3-1 (Groundball, 34)
Bottom of the 6th over - 0 runs, 0 hits, 0 errors, 1 left on base; San Diego 4 - Red Deer 6
TOP OF THE 7TH
San Diego Smashers batting - Pitching for Red Deer Wranglers : RHP John Gill
Pitching: LHP Ernesto Pérez
Batting: LHB Richard Brooks 0-0: Called Strike
0-1: Ground out 4-3 (Groundball, 4S)
Batting: LHB Steven Smith 0-0: Ball
1-0: SINGLE (Groundball, 34D)
Pinch Runner at 1st Preston Wooten:
Batting: LHB Jon Rogers 0-0: Called Strike
Preston Wooten steals 2nd base
0-1: Ball
1-1: Foul Ball, location: 2F
1-2: Strikes out swinging
Pitching: RHP Raúl Zumaya
Batting: RHB Ray Rogers 0-0: Ball
1-0: Ball
2-0: SINGLE (Line Drive, 7S)
Preston Wooten to third
Runner from 3rd tries for Home, SAFE, no throw
Pinch Hitting: LHB Vernon Hill 0-0: Ball
1-0: Foul Ball, location: 2F
1-1: Called Strike
1-2: Ball
2-2: Ball
3-2: Strikes out swinging
Top of the 7th over - 1 run, 2 hits, 0 errors, 1 left on base; San Diego 5 - Red Deer 6
BOTTOM OF THE 7TH
Red Deer Wranglers batting - Pitching for San Diego Smashers : LHP Matt Hull
Now at 2B: Preston Wooten
Batting: RHB Pedro Cabrera 0-0: Ball
Now in LF: Vernon Hill 1-0: Foul Ball, location: 2F
1-1: Ball
2-1: Ball
3-1: Foul Ball, location: 2F
3-2: Fly out, F7 (Flyball, 7LSF)
Batting: RHB Ben Fisher 0-0: Ball
1-0: SINGLE (Line Drive, 9LS)
Pinch Runner at 1st Adam Gentry:
Batting: LHB José Domínguez 0-0: Ball
1-0: Swinging Strike
1-1: Swinging Strike
1-2: Ball
2-2: Strikes out looking
Adam Gentry steals 2nd base
Batter strikes out.
Batting: RHB Rijk de Rade 0-0: Ball
1-0: Called Strike
1-1: Called Strike
1-2: Ball
2-2: SINGLE (Groundball, 34S) (infield hit)
Adam Gentry to third
Batting: LHB Rubén Salazar 0-0: Ball
1-0: Ball
2-0: Ball
3-0: Called Strike
3-1: Foul Ball, location: 2F
3-2: Base on Balls
Rijk de Rade to second
Batting: RHB Allen Brown 0-0: Ball
1-0: Foul Ball, location: 2F
1-1: Foul Ball, location: 2F
1-2: Strikes out swinging
Bottom of the 7th over - 0 runs, 2 hits, 0 errors, 3 left on base; San Diego 5 - Red Deer 6
TOP OF THE 8TH
San Diego Smashers batting - Pitching for Red Deer Wranglers : RHP Raúl Zumaya
Now at 3B: Adam Gentry
Batting: LHB Ryan Rheaume 0-0: Called Strike
0-1: Ball
1-1: Ball
2-1: Ground out U3 (Groundball, 3L)
Batting: LHB Nick Hill 0-0: Foul Ball, location: 2F
0-1: Ground out 6-3 (Groundball, 6)
Batting: RHB Manny Torrez 0-0: Ball
1-0: Called Strike
1-1: Ball
2-1: Swinging Strike
2-2: Ball
3-2: Foul Ball, location: 2F
3-2: Base on Balls
Batting: RHB Gerald Davis 0-0: Ball
1-0: Foul Ball, location: 2F
1-1: Foul Ball, location: 2F
1-2: Ball
2-2: Ball
3-2: Ground out 1-3 (Groundball, 13S)
Top of the 8th over - 0 runs, 0 hits, 0 errors, 1 left on base; San Diego 5 - Red Deer 6
BOTTOM OF THE 8TH
Red Deer Wranglers batting - Pitching for San Diego Smashers : LHP Matt Hull
Batting: RHB Valentín Reyes 0-0: Ball
1-0: Swinging Strike
1-1: Ball
2-1: Called Strike
2-2: Foul Ball, location: 2F
2-2: Fly out, F6 (Line Drive, 6M)
Batting: RHB Art Cameron 0-0: Foul Ball, location: 2F
0-1: Called Strike
0-2: Ball
1-2: Ball
2-2: Ball
3-2: SOLO HOME RUN (Line Drive, 7D), Distance : 351 ft
Batting: LHB Francisco Blanco 0-0: Ball
1-0: Ball
2-0: Ball
3-0: Called Strike
3-1: Foul Ball, location: 2F
3-2: Base on Balls
Pitching: RHP Maurice Green
Batting: RHB Pedro Cabrera 0-0: Ball
1-0: Foul Ball, location: 2F
1-1: Fly out, F6 (Popup, 6MS)
Batting: RHB Adam Gentry 0-0: Ball
Francisco Blanco steals 2nd base
1-0: Swinging Strike
1-1: Foul Ball, location: 2F
1-2: Strikes out swinging
Bottom of the 8th over - 1 run, 1 hit, 0 errors, 1 left on base; San Diego 5 - Red Deer 7
TOP OF THE 9TH
San Diego Smashers batting - Pitching for Red Deer Wranglers : RHP Raúl Zumaya
Pitching: RHP Carlos Ortíz
Batting: LHB Richard Brooks 0-0: Called Strike
0-1: Ball
1-1: Foul Ball, location: 2F
1-2: Ball
2-2: Fly out, F8 (Flyball, 8LS)
Batting: RHB Preston Wooten 0-0: Ball
1-0: Called Strike
1-1: Foul Ball, location: 2F
1-2: Ball
2-2: Strikes out swinging
Batting: LHB Jon Rogers 0-0: Called Strike
0-1: Fly out, F9 (Flyball, 9S)
Top of the 9th over - 0 runs, 0 hits, 0 errors, 0 left on base; San Diego 5 - Red Deer 7
Saturday, April 7th, 2018 - OOTP Baseball 18.8 Build 76